 Dungeon Sprint DCSS version 0.21.1-1-g345015f (webtiles) character file.

5800 Fang the Warrior (level 10, -4/160 HPs)
             Began as a Minotaur Berserker on June 14, 2018.
             Was a High Priest of Trog.
             Slain by a merfolk
             ... wielding a +0 trident
              (9 damage)
             ... in the Dungeon (Sprint V: "Ziggurat Sprint").
             The game lasted 00:01:34 (505 turns).

Fang the Warrior (Minotaur Berserker)                Turns: 505, Time: 00:01:35

Health: -4/160     AC: 14    Str: 37    XL:     10   Next: 50%
Magic:  9/9        EV: 13    Int: 12    God:    Trog [*****.]
Gold:   0          SH:  0    Dex:  9    Spells: 9/9 levels left

rFire    . . .     SeeInvis .   l - +5 demon trident
rCold    . . .     Gourm    .   (no shield)
rNeg     . . .     Faith    .   b - +3 chain mail of Greed {*Contam Int+8}
rPois    .         Spirit   .   (helmet restricted)
rElec    .         Reflect  .   (no cloak)
rCorr    .         Harm     .   (no gloves)
MR       .....     NoTele   +   (no boots)
Stlth    ..........             (no amulet)
HPRegen  0.36/turn              G - ring of flight
MPRegen  0.11/turn              F - +6 ring of strength

@: berserking, very quick
A: retaliatory headbutt, horns 2
a: Berserk, Trog's Hand, Brothers in Arms, Burn Spellbooks, Renounce Religion,
Evoke Flight


You were in the Dungeon.
You worshipped Trog.
Trog was extremely pleased with you.
You were very hungry.

You visited 1 branch

Inventory:

Hand Weapons
 k - a +5 executioner's axe
 l - a +5 demon trident (weapon)
Armour
 b - the +3 chain mail of Greed (worn) {*Contam Int+8}
   (You found it in the Dungeon)

   It affects your intelligence (+8).
   It causes magical contamination when unequipped.
Jewellery
 F - a +6 ring of strength (right hand)
 G - a ring of flight (left hand)
Wands
 x - a wand of disintegration (7)
 y - a wand of iceblast (7)
 z - a wand of acid (7)
Scrolls
 i - 4 scrolls of blinking
 j - 4 scrolls of enchant weapon
 m - 7 scrolls of fog
 n - a scroll of holy word
 o - 5 scrolls of identify
 p - 5 scrolls of remove curse
 q - 2 scrolls of fear
Potions
 d - 10 potions of curing
 e - 10 potions of heal wounds
 f - 6 potions of haste
 g - 7 potions of magic
 h - 3 potions of berserk rage
 r - 2 potions of brilliance
 s - 2 potions of invisibility
 t - 4 potions of resistance
 v - 5 potions of agility
 w - 5 potions of might
Comestibles
 a - 4 chunks of flesh
 c - 7 rations


   Skills:
 + Level 16.0 Fighting
 + Level 14.9(16.4) Axes
 + Level 12.0(15.0) Polearms
 + Level 9.9 Armour
 + Level 8.1 Dodging
 + Level 2.4 Stealth


You had 9 spell levels left.
You didn't know any spells.

Dungeon Overview and Level Annotations

Branches:
Dungeon (1/1)

Altars:
Ashenzari
Cheibriados
Dithmenos
Elyvilon
Fedhas
Gozag
Hepliaklqana
Kikubaaqudgha
Makhleb
Nemelex Xobeh
Okawaru
Qazlal
Ru
Sif Muna
Trog
Uskayaw
Vehumet
Wu Jian
Xom
Yredelemnul
Zin
The Shining One
Beogh
Jiyva
Lugonu

Annotations:
D 1 transporter


Innate Abilities, Weirdness & Mutations

You reflexively headbutt those who attack you in melee.
You have a pair of horns on your head.


Message History

The merfolk is severely wounded.
The merfolk hits you from afar with a trident!!
* * * LOW HITPOINT WARNING * * *
The merfolk hits you from afar with a trident!
* * * LOW HITPOINT WARNING * * *
The merfolk hits you but does no damage.
Attack whom?
Press: ? - help, Dir - move target cursor, f/p - merfolk
Aim: a merfolk, wielding a trident (severely wounded)
You impale the merfolk!!
You kill the merfolk!
Trog accepts your kill.
Your Fighting skill increases to level 16!
Your base Polearms skill increases to level 12!
Attack whom?
Press: ? - help, Dir - move target cursor, f - merfolk
Aim: a merfolk, wielding a trident You reach to attack!
You barely miss the merfolk.
The merfolk hits you from afar with a trident!
You die...

▓.....▓.....▓..©..▓
▓..©..▓..©..▓▓▓▓▓▓▓
▓▓▓▓▓▓▓▓▓▓▓▓▓▓▓▓▓▓▓
▓..8©8...▓..8©8...▓
▓..|.)...▓..[.|...▓
▓..."....▓..=.=...▓
▓........▓..mmm...▓
▓........▓...))...▓
▓.▓.†..▓.▓.▓.@..▓.▓
▓...©....▓...©....▓
▓▓▓▓▓▓▓▓▓▓▓▓▓▓▓▓▓▓▓


You could see 3 merfolk.

Vanquished Creatures
  A deep elf archer (D)
  3 deep elf magi (D)
  5 draconians (D)
  2 merfolk (D)
  An iguana (D)
  2 river rats (D)
  A jackal (D)
15 creatures vanquished.

Notes
Turn   | Place    | Note
-------+----------+-------------------------------------------
     0 | D        | Found the +6 Majin-Bo {vamp, Archmagi MP+6 Int+6}
     0 | D        | Found the +7 great mace "Firestarter" {inner flame, rF++}
     0 | D        | Fang the Minotaur Berserker began the quest for the Orb.
     0 | D        | Reached XP level 1. HP: 19/19 MP: 0/0
     5 | D        | Found a blossoming altar of Fedhas.
     6 | D        | Found a viscous altar of Jiyva.
     6 | D        | Found a hazy altar of Hepliaklqana.
     6 | D        | Found a transporter.
     6 | D        | Found an opulent altar of Gozag.
     6 | D        | Found an ancient bone altar of Kikubaaqudgha.
     6 | D        | Found a corrupted altar of Lugonu.
    12 | D        | Found a burning altar of Makhleb.
    13 | D        | Found a stormy altar of Qazlal.
    13 | D        | Found a sacrificial altar of Ru.
    13 | D        | Found an iron altar of Okawaru.
    13 | D        | Found a deep blue altar of Sif Muna.
    13 | D        | Found a sparkling altar of Nemelex Xobeh.
    13 | D        | Found a bloodstained altar of Trog.
    75 | D        | Entered arena 2.
    75 | D        | Noticed a draconian
    75 | D        | Noticed a draconian
    75 | D        | Found a transporter.
    82 | D        | Killed a draconian
    82 | D        | Reached skill level 10 in Fighting
    82 | D        | Reached skill level 10 in Axes
    82 | D        | Reached skill level 5 in Armour
    82 | D        | Reached skill level 5 in Dodging
    82 | D        | Reached XP level 2. HP: 39/39 MP: 1/1
    82 | D        | Reached XP level 3. HP: 46/46 MP: 2/2
    82 | D        | Reached XP level 4. HP: 53/53 MP: 3/3
    82 | D        | Reached XP level 5. HP: 59/59 MP: 4/4
    82 | D        | Reached XP level 6. HP: 67/67 MP: 5/5
    90 | D        | Killed a draconian
    90 | D        | Reached skill level 12 in Fighting
    90 | D        | Reached skill level 5 in Polearms
    90 | D        | Reached XP level 7. HP: 77/77 MP: 6/6
   126 | D        | Reached ** piety under Trog
   136 | D        | Entered arena 3.
   136 | D        | Noticed a draconian
   136 | D        | Noticed a draconian
   136 | D        | Noticed a draconian
   136 | D        | Found a transporter.
   143 | D        | Killed a draconian
   143 | D        | Reached skill level 13 in Fighting
   143 | D        | Reached XP level 8. HP: 86/86 MP: 7/7
   147 | D        | Killed a draconian
   147 | D        | Reached *** piety under Trog
   152 | D        | Killed a draconian
   152 | D        | Reached skill level 14 in Fighting
   160 | D        | Reached **** piety under Trog
   283 | D        | Entered arena 4.
   283 | D        | Noticed a deep elf archer
   283 | D        | Noticed a deep elf mage
   283 | D        | Noticed a deep elf mage
   283 | D        | Noticed a deep elf mage
   283 | D        | Found a transporter.
   284 | D        | Reached XP level 9. HP: 96/96 MP: 8/8
   289 | D        | Killed a deep elf mage
   289 | D        | Reached skill level 10 in Polearms
   289 | D        | Reached XP level 10. HP: 104/104 MP: 9/9
   291 | D        | Killed a deep elf mage
   291 | D        | Reached skill level 15 in Fighting
   293 | D        | Killed a deep elf archer
   293 | D        | Reached ***** piety under Trog
   299 | D        | Killed a deep elf mage
   457 | D        | Got the +3 chain mail of Greed {*Contam Int+8}
   469 | D        | Received a gift from Trog
   473 | D        | Entered arena 5.
   473 | D        | Found a transporter.
   491 | D        | Entered arena 6.
   491 | D        | Found a transporter.
   503 | D        | HP: 5/160 [merfolk/trident (16)]
   504 | D        | Reached skill level 16 in Fighting
   505 | D        | Slain by a merfolk

Skill      XL: |  1  2  3  4  5  6  7  8  9 10 |
---------------+-------------------------------+-----
Fighting       | 10 12 13 14 16 | 16.0
Axes           | 10 11 12 13 14 | 14.9
Polearms       | 3 5 6 9 10 12 | 12.0
Armour         | 5 7 8 9 |  9.9
Dodging        | 5 6 7 8 |  8.1
Stealth        | 2 |  2.4

Action                   |  1- 3 |  4- 6 |  7- 9 | 10-12 || total
-------------------------+-------+-------+-------+-------++-------
Melee: Demon trident     |     6 |     8 |    17 |    28 ||    59
       Headbutt          |     3 |     1 |     2 |     3 ||     9
Invok: Berserk           |     1 |       |     2 |     1 ||     4
       Burn Spellbooks   |       |       |     2 |     1 ||     3
  Use: Potion            |       |       |     1 |       ||     1
  Eat: Chunk             |       |       |       |     1 ||     1
Armor: Shadow dragon sca |     2 |     1 |     4 |       ||     7
       Chain mail        |       |       |       |     6 ||     6
Dodge: Dodged            |     1 |     2 |     2 |     6 ||    11
